[Event "*** SCC Grand Prix: Titled Tuesday Blitz"]
[Site "Chess.com"]
[Date "2020.06.02"]
[Round "8"]
[White "ajian"]
[Black "nihalsarin"]
[Result "0-1"]
[WhiteElo "2449"]
[BlackElo "2985"]
[TimeControl "180+1"]
[EndTime "11:37:12 PDT"]
[Termination "nihalsarin won by checkmate"]

1. d4 Nf6 2. c4 e6 3. Nc3 Bb4 4. Qc2 d5 5. cxd5 exd5 6. Bg5 h6 7. Bh4 c5 8. dxc5 g5 9. Bg3 Ne4 10. e3 Qf6 11. Bb5+ Bd7 12. Bxd7+ Nxd7 13. Ne2 Rc8 14. O-O Bxc3 15. Nxc3 Nxc3 16. bxc3 Nxc5 17. Rfd1 Qe6 18.
Qd2 O-O 19. Qxd5 Qxd5 20. Rxd5 Ne4 21. Rd7 Rxc3 22. Rxb7 Rfc8 23. h3 h5 24. h4 g4 25.
Rxa7 Rc1+ 26. Rxc1 Rxc1+ 27. Kh2 Nd2 28. Bf4 Nf1+ 29. Kg1 Ng3+ 30. Kh2 Nf1+ 31. Kg1 Nxe3+ 32. Kh2 Nf1+ 33. Kg1 Rb1 34. a4 Kg7 35. a5 Kg6 36.
a6 Ng3+ 37. Kh2 Nf1+ 38. Kg1 f6 39. Rb7 Ra1 40. a7 Kf5 41. Bc1 Nd2 42. Kh2 g3+ 43.
Kxg3 Ne4+ 44. Kf3 Nd6 45. Rd7 Nc4 46. Be3 Ra3 47. Rc7 Ne5+ 48. Kg3 Ng4 49. Rc8 Nxe3 50.
a8=Q Nf1# 0-1

[Event "*** SCC Grand Prix: Titled Tuesday Blitz"]
[Site "Chess.com"]
[Date "2020.06.02"]
[Round "8"]
[White "politeplayer"]
[Black "medalja"]
[Result "1-0"]
[WhiteElo "2268"]
[BlackElo "2407"]
[TimeControl "180+1"]
[EndTime "11:37:12 PDT"]
[Termination "politeplayer won by resignation"]

1. e4 c6 2. d4 d5 3. Nc3 dxe4 4. Nxe4 Bf5 5. Ng3 Bg6 6. Bc4 e6 7. N1e2 Bd6 8. Nf4 Ne7 9. Nxe6 fxe6 10. Bxe6 Nd7 11.
O-O Qc7 12. c4 Nf8 13. Bh3 Nd7 14. Re1 O-O 15. c5 Bxg3 16. hxg3 Nf6 17. Bf4 Qd8 18.
Bd6 Re8 19. Qb3+ Kh8 20. Qxb7 Nf5 21. Bxf5 Bxf5 22. Qxc6 Be4 23. Qc7 Qxc7 24. Bxc7 Rac8 25. Be5 Bc6 26. Bxf6 gxf6 27. f3 Kg7 28. Rxe8 Rxe8 29. Kf2 a5 30. Re1 Rxe1 31. Kxe1 Kf7 32. Kd2 Ke6 33. Ke3 Kd5 34. b3 Bb5 35. g4 Bf1 36. g3 Bb5 37. a3 Ba6 38. f4 Bb5 39. g5 f5 40. g4 fxg4 41. f5 Bd7 42. f6 Ke6 43. Kf4 Kf7 44. d5 h5 45. c6 Be8 46.
b4 axb4 47. axb4 h4 48. Kxg4 h3 49. Kxh3 Kg6 50. Kh4 Kf5 51. b5 Ke5 52. b6 Kxd5 53. b7 Kxc6 54. b8=Q Kd7 1-0

[Event "*** SCC Grand Prix: Titled Tuesday Blitz"]
[Site "Chess.com"]
[Date "2020.06.02"]
[Round "8"]
[White "Ceejay271"]
[Black "ARTHURMOTIVATOR"]
[Result "0-1"]
[WhiteElo "2398"]
[BlackElo "2233"]
[TimeControl "180+1"]
[EndTime "11:37:13 PDT"]
[Termination "ARTHURMOTIVATOR won by resignation"]

1. d4 g6 2. e4 Bg7 3. c4 d6 4. Nf3 Bg4 5. Be3 Nc6 6. Be2 Bxf3 7. Bxf3 e5 8. d5 Nd4 9. O-O Ne7 10. Bxd4 exd4 11. Nd2 O-O 12. Rc1 c5 13. dxc6 bxc6 14.
c5 dxc5 15. Rxc5 Qb6 16. Qc1 d3 17. b3 Bd4 18. Rc4 Rad8 19. Ra4 c5 20. Qc4 Nc6 21. Ra6 Ne5 22. Qa4 Qb8 23. Bd1 Rd6 24. Kh1 Rxa6 25. Qxa6 Re8 26. f4 Nd7 27. Qxd3 Nf6 28. Bf3 Qb6 29.
Nc4 Qd8 30. Rd1 Qe7 31. e5 Nh5 32. g3 Ng7 33. Nd6 Rd8 34. Bd5 Rxd6 35. exd6 Qxd6 36. Qc4 Kf8 37. Bxf7 Qd7 38. Bd5 Nf5 39. Re1 Nxg3+ 40. Kg2 Nh5 41. Re4 Qg4+ 42. Kf1 Qg1+ 43. Ke2 Qxh2+ 44.
Kd3 Qg3+ 45. Kc2 Nxf4 46. Rxd4 cxd4 47. Qc5+ Kg7 48. Qxd4+ Kh6 49. Be4 Qh2+ 50. Kc3 Ne2+ 51. Kc4 Nxd4 52. Kxd4 Qxa2 0-1

[Event "*** SCC Grand Prix: Titled Tuesday Blitz"]
[Site "Chess.com"]
[Date "2020.06.02"]
[Round "8"]
[White "vaishali2001"]
[Black "Khvicha_Supatashvili"]
[Result "1-0"]
[WhiteElo "2630"]
[BlackElo "2722"]
[TimeControl "180+1"]
[EndTime "11:37:14 PDT"]
[Termination "vaishali2001 won on time"]

1. e4 c5 2. Nc3 Nc6 3. Nge2 Nf6 4. d4 cxd4 5. Nxd4 d6 6. Be2 g6 7. O-O Bg7 8. Nb3 O-O 9. Re1 a6 10. Bf1 b5 11. a4 b4 12. Nd5 e6 13. Nxf6+ Bxf6 14. Bh6 Re8 15. Rb1 Bb7 16. Qd2 Qe7 17. c3 bxc3 18.
bxc3 Rad8 19. Nd4 Na5 20. Rb6 Qc7 21. Qb2 Ba8 22. Rxa6 Nc4 23. Nb5 Qc5 24. Qb4 Qh5 25. Qxc4 Qxh6 26. Nc7 Rc8 27. Nxe8 Rxc4 28. Nxf6+ Kg7 29.
Ne8+ Kf8 30. Bxc4 Bxe4 31. Rxe4 Qc1+ 32. Bf1 Kxe8 33. Rxd6 Qxc3 34. Re3 Qa5 35. Ra6 Qb4 36. a5 Ke7 37. Ra7+ Kf6 38. Rf3+ Ke5 39. Rfxf7 h5 40. a6 Qa5 41. Rab7 h4 42. Rb5+ 1-0

[Event "*** SCC Grand Prix: Titled Tuesday Blitz"]
[Site "Chess.com"]
[Date "2020.06.02"]
[Round "8"]
[White "maximnovik"]
[Black "EugeneRougon"]
[Result "1-0"]
[WhiteElo "2482"]
[BlackElo "2637"]
[TimeControl "180+1"]
[EndTime "11:37:14 PDT"]
[Termination "maximnovik won on time"]

1. d4 d5 2. c4 c6 3. Nc3 Nf6 4.
Bf4 dxc4 5. e3 Nd5 6. Bxc4 Nxf4 7. exf4 g6 8. Nf3 Bg7 9. Qb3 O-O 10. O-O-O b5 11.
Be2 a5 12. Ne5 a4 13. Qc2 a3 14. b4 Qd6 15. Qb3 Be6 16. d5 cxd5 17. Nxb5 Qb6 18. Nd4 Na6 19. Bxa6 Rxa6 20. Rhe1 Ra7 21. Re3 Rc7+ 22. Kb1 Rfc8 23. Qxa3 Bxe5 24. fxe5 Rc4 25. Nxe6 fxe6 26. Rb3 Qxf2 27. Qb2 Rc2 28. Qd4 Qf5 29.
Qd3 Rc1+ 30. Rxc1 Rxc1+ 31. Kxc1 Qxe5 32. b5 Qa1+ 33. Qb1 Qd4 34. Qc2 Qg1+ 35. Kb2 Qd4+ 36.
Kb1 Qg1+ 37. Qc1 Qb6 38. Qc8+ Kg7 39. Qc3+ d4 40. Qc6 Qa5 41. b6 Qe1+ 42. Qc1 Qe4+ 43. Qc2 Qe1+ 44. Kb2 Qe5 45. Qd3 Qf4 46. b7 Qf2+ 47.
Qc2 Qf6 48. b8=Q d3+ 49. Qc3 d2 50. Qxf6+ exf6 51. Rd3 Kh6 52. Rxd2 1-0

[Event "*** SCC Grand Prix: Titled Tuesday Blitz"]
[Site "Chess.com"]
[Date "2020.06.02"]
[Round "8"]
[White "albano87"]
[Black "Chuchofrio1"]
[Result "0-1"]
[WhiteElo "2418"]
[BlackElo "2283"]
[TimeControl "180+1"]
[EndTime "11:37:14 PDT"]
[Termination "Chuchofrio1 won on time"]

1. Nf3 Nf6 2. g3 e6 3. Bg2 d5 4. O-O Be7 5. d4 b5 6. Nbd2 Bb7 7. b3 Nbd7 8. c4 bxc4 9. bxc4 c5 10. cxd5 Bxd5 11. Ne5 Bxg2 12. Kxg2 Qc7 13. Ndf3 cxd4 14. Qxd4 O-O 15. Bb2 Nxe5 16. Qxe5 Qxe5 17. Bxe5 Rac8 18. Rac1 Ba3 19. Rxc8 Rxc8 20. Rd1 Nd5 21. e4 Nb6 22.
Bf4 h6 23. Nd2 Rd8 24. Kf1 g5 25. Be3 Nc4 26. Ke2 Nxe3 27. Kxe3 Bc5+ 28. Ke2 Rc8 29. f3 e5 30. Rc1 Rc7 31. Nb3 Bb6 32. Rxc7 Bxc7 33. Nd2 Kf8 34. Nc4 Ke7 35. Kd3 Ke6 36. Ne3 Bd6 37. Nf5 Bf8 38. Kc4 h5 39. Kb5 Kd7 40.
Ka6 Bc5 41. Ng7 h4 42. g4 h3 43. Nf5 Bg1 44. Ng3 Bxh2 45. Nf1 Bg1 0-1

[Event "*** SCC Grand Prix: Titled Tuesday Blitz"]
[Site "Chess.com"]
[Date "2020.06.02"]
[Round "8"]
[White "PauloCesarCosta_sad"]
[Black "vasblesk"]
[Result "0-1"]
[WhiteElo "2205"]
[BlackElo "2412"]
[TimeControl "180+1"]
[EndTime "11:37:14 PDT"]
[Termination "vasblesk won on time"]

1. Nf3 Nf6 2. c4 g6 3. g3 Bg7 4. Bg2 O-O 5. O-O d5 6. d4 c6 7.
cxd5 cxd5 8. Ne5 Nc6 9. Nc3 e6 10. Bg5 h6 11. Bxf6 Bxf6 12. Nxc6 bxc6 13. e3 Rb8 14. b3 c5 15. Ne2 Ba6 16. Re1 c4 17. bxc4 Bxc4 18. Qa4 a5 19. Nf4 Rb4 20. Qc2 Qb6 21.
Rab1 Rb8 22. Rxb4 Qxb4 23. Ra1 Qb2 24. Qxb2 Rxb2 25. a3 a4 26. Bf1 Bxf1 27. Kxf1 Rb3 28. Ke2 Be7 29. Nd3 Rxa3 30. Rxa3 Bxa3 31. Kd1 Kf8 32. Kc2 Ke7 33. Kb1 Bd6 34. Nb2 a3 35. Nd3 Kd7 36. Ka2 Kc6 37. Kb3 Kb5 38. Nc1 f6 39.
Na2 g5 40. Nc3+ Ka5 41. Na2 Kb5 42. Nc3+ Kc6 43. Na2 e5 44. Kc3 Kb5 45. Kb3 exd4 46. exd4 Kc6 47. Nc3 f5 48. Na2 Bf8 49. Nc3 h5 0-1

[Event "*** SCC Grand Prix: Titled Tuesday Blitz"]
[Site "Chess.com"]
[Date "2020.06.02"]
[Round "8"]
[White "Margarita2907"]
[Black "lucachess49"]
[Result "0-1"]
[WhiteElo "2058"]
[BlackElo "2233"]
[TimeControl "180+1"]
[EndTime "11:37:14 PDT"]
[Termination "lucachess49 won on time"]

1. e4 e5 2. Nf3 Nc6 3. Bb5 a6 4. Ba4 Nf6 5. d3 d6 6. c3 g6 7. O-O Bg7 8. Re1 O-O 9. Nbd2 b5 10. Bc2 Bb7 11. Nf1 Re8 12. Ng3 d5 13. exd5 Nxd5 14. a4 b4 15. Bd2 Nf4 16. Bxf4 exf4 17. Rxe8+ Qxe8 18. Ne4 bxc3 19. bxc3 Ne5 20. Nxe5 Qxe5 21. d4 Qa5 22. Nc5 Bd5 23. Qd3 Re8 24. Rb1 c6 25. c4 Re1+ 26. Rxe1 Qxe1+ 27. Qf1 Qxf1+ 28. Kxf1 Bxc4+ 29. Ke1 Bxd4 30. Ne4 f5 31. Nd6 Bc3+ 32. Kd1 Bf1 33. g3 f3 34. Bb3+ Kf8 35. Nb7 Be2+ 36. Kc2 Bd4 37.
Na5 Bxf2 38. Nxc6 Bxg3 39. Kd2 Bf4+ 40. Ke1 Bxh2 41. Nd4 Bg3+ 42. Kd2 Bf4+ 43. Ke1 Be3 44. Nxe2 fxe2 45. Kxe2 Bb6 46. Bc4 a5 47. Kf3 Kg7 48. Kf4 Kf6 49. Bg8 g5+ 0-1

[Event "*** SCC Grand Prix: Titled Tuesday Blitz"]
[Site "Chess.com"]
[Date "2020.06.02"]
[Round "8"]
[White "GHANDEEVAM2003"]
[Black "Msb2"]
[Result "1/2-1/2"]
[WhiteElo "2960"]
[BlackElo "2851"]
[TimeControl "180+1"]
[EndTime "11:37:15 PDT"]
[Termination "Game drawn by repetition"]

1. e4 e6 2. d3 d5 3. Qe2 Nc6 4. c3 e5 5. Nd2 Nf6 6. Ngf3 a5 7. g3 dxe4 8. Nxe4 Nxe4 9. dxe4 Bc5 10. Bg2 O-O 11. Bg5 Qe8 12. O-O b6 13. Rfd1 f6 14.
Be3 Ba6 15. Qe1 Qe7 16. Bxc5 Qxc5 17. Rd5 Qe7 18. Rad1 Rfd8 19. Bf1 Bc8 20. Nh4 g6 21. Bc4 Be6 22. R1d3 Kg7 23. Rxd8 Rxd8 24. Rxd8 Nxd8 25.
Qe2 Bxc4 26. Qxc4 Qd7 27. Kg2 Ne6 28. Nf3 b5 29. Qe2 Nc5 30. Qe3 Qd6 31. Nd2 a4 32. b4 Ne6 33. a3 c5 34. Nf3 h5 35. h4 Kh7 36. Ne1 cxb4 37. cxb4 Qd4 38. Nc2 Qxe3 39.
Nxe3 Nd4 40. Kf1 Kg7 41. Ke1 f5 42. exf5 gxf5 43. Kd2 Kf6 44. Kd3 Ke6 45. f4 exf4 46. Kxd4 fxe3 47. Kxe3 Ke5 48. Kf3 Ke6 49. Ke3 Ke5 50.
Kf3 Ke6 51. Kf4 Kf6 52. Kf3 Ke6 1/2-1/2

[Event "*** SCC Grand Prix: Titled Tuesday Blitz"]
[Site "Chess.com"]
[Date "2020.06.02"]
[Round "8"]
[White "carlesdc96"]
[Black "PavlovDanila"]
[Result "0-1"]
[WhiteElo "2745"]
[BlackElo "2638"]
[TimeControl "180+1"]
[EndTime "11:37:15 PDT"]
[Termination "PavlovDanila won by resignation"]

1. e4 e6 2. d4 d5 3. Nc3 Nf6 4. Bg5 Be7 5. e5 Nfd7 6. Bxe7 Qxe7 7. f4 a6 8. Nf3 c5 9. Qd2 Nc6 10. dxc5 Nxc5 11. Bd3 b5 12. O-O Bb7 13. Rae1 b4 14. Ne2 Ne4 15. Qe3 Qc5 16. Ned4 Nxd4 17. Nxd4 O-O 18.
f5 exf5 19. Nxf5 Qxe3+ 20. Rxe3 Rfe8 21. Bxe4 dxe4 22. Nd6 Re7 23. Nxb7 Rxb7 24. Rxe4 Rc8 25. Rf2 Kf8 26. Rd2 a5 27. Kf2 Ke7 28. Ke2 Rc5 29.
Kd1 Rbb5 30. Rde2 Ke6 31. Rh4 h6 32. Rg4 g6 33. Rh4 h5 34. g4 Rc4 35. Rh3 Rxg4 36. Rf3 Rg5 37. Rf6+ Ke7 38. Ref2 Rd5+ 39. Ke1 Rgxe5+ 40. Kf1 Rf5 41. R2xf5 Rxf5+ 42. Rxf5 gxf5 43. Kf2 Ke6 44.
Kf3 Ke5 45. h4 a4 46. a3 bxa3 47. bxa3 Kd4 48. Kf4 Kc3 49. Kg5 f4 50. Kxf4 Kxc2 51.
Kg5 Kb3 52. Kxh5 Kxa3 53. Kg4 Kb3 54. h5 a3 55. h6 a2 56. h7 a1=Q 0-1

[Event "*** SCC Grand Prix: Titled Tuesday Blitz"]
[Site "Chess.com"]
[Date "2020.06.02"]
[Round "8"]
[White "chargemax23"]
[Black "XiaoKangZhong"]
[Result "1-0"]
[WhiteElo "2593"]
[BlackElo "2442"]
[TimeControl "180+1"]
[EndTime "11:37:15 PDT"]
[Termination "chargemax23 won on time"]

1. Nf3 Nf6 2. d4 d5 3. Bf4 e6 4. e3 Bd6 5. Bg3 O-O 6. Nbd2 c5 7. c3 Nc6 8. Ne5 cxd4 9. exd4 Qb6 10. Nd3 Bxg3 11. hxg3 Ne7 12. Qc2 Rd8 13. Ne5 Ng6 14.
Bd3 Bd7 15. Ndf3 Rac8 16. O-O-O Be8 17. Kb1 Qd6 18. Ng5 b5 19. f4 b4 20. f5 exf5 21. Bxf5 Rb8 22. c4 dxc4 23. Qxc4 Nxe5 24. dxe5 Qxe5 25.
Qc2 h6 26. Nf3 Qa5 27. Rde1 b3 28. axb3 Qb6 29. g4 Qxb3 30. g5 Qxc2+ 31. Bxc2 hxg5 32. Nxg5 Bc6 33. Re2 Re8 34. Rf2 Rb7 35. Rd1 Reb8 36. Bf5 g6 37. Bd3 Kg7 38. Rdd2 Nd5 39. Bc4 Nf6 40.
g4 Be4+ 41. Ka2 Rb4 42. b3 Bc6 43. Nxf7 Be8 44. Nd6 Bc6 45. g5 Nh5 46. Rf7+ Kh8 47. Re2 Rd8 48. Ree7 1-0

[Event "*** SCC Grand Prix: Titled Tuesday Blitz"]
[Site "Chess.com"]
[Date "2020.06.02"]
[Round "8"]
[White "IngOscarArdila"]
[Black "davigator"]
[Result "0-1"]
[WhiteElo "2099"]
[BlackElo "2318"]
[TimeControl "180+1"]
[EndTime "11:37:15 PDT"]
[Termination "davigator won on time"]

1. d4 Nf6 2. c4 e6 3. Nc3 Bb4 4. Bd2 d5 5. cxd5 exd5 6. Nf3 O-O 7. Bg5 h6 8. Bxf6 Qxf6 9. e3 c6 10. Be2 Bf5 11. O-O a5 12. a3 Bd6 13. Bd3 Bg4 14.
h3 Bh5 15. Be2 Nd7 16. Nd2 Bg6 17. Bg4 Rad8 18. Qf3 Qe7 19. Bf5 Bxf5 20. Qxf5 Nf6 21. Nf3 Rfe8 22. Rab1 g6 23. Qd3 Kg7 24. Na4 Ne4 25.
Nd2 f5 26. Nxe4 fxe4 27. Qc2 Rf8 28. Nc5 Rf6 29. b4 axb4 30. Rxb4 b5 31. a4 bxa4 32. Rb7 Bc7 33. Qxa4 Qd6 34. g3 Rf7 35. Qa7 Kg8 36. Na6 Rdd7 37. Rfb1 Kg7 38. Nc5 Rd8 39.
R1b2 Re8 40. Na6 Ree7 41. Nxc7 Rxc7 42. Rxc7 Qxc7 43. Qc5 h5 44. h4 Qd7 45. Rc2 Rf6 46. Qb6 Qg4 47. Qc7+ Kh6 48. Kh2 Qd1 49. Rb2 Qf1 50. Qe5 Rxf2+ 51. Rxf2 Qxf2+ 52. Kh3 Qf5+ 53. Qxf5 gxf5 54. Kg2 Kg6 55. Kf2 Kf6 56. Ke2 Ke6 57. Kd2 Kd6 58. Kc3 c5 59. dxc5+ Kxc5 60. Kb3 d4 61.
exd4+ Kxd4 62. Kc2 Ke3 63. Kd1 Kf3 64. Kd2 Kxg3 65. Ke3 Kxh4 0-1

[Event "*** SCC Grand Prix: Titled Tuesday Blitz"]
[Site "Chess.com"]
[Date "2020.06.02"]
[Round "8"]
[White "Violord"]
[Black "InitiatingASC"]
[Result "1-0"]
[WhiteElo "2596"]
[BlackElo "2402"]
[TimeControl "180+1"]
[EndTime "11:37:16 PDT"]
[Termination "Violord won on time"]

1. Nf3 Nf6 2. g3 b6 3. Bg2 Bb7 4. O-O e6 5. c4 c5 6. b3 Be7 7. Bb2 O-O 8. e3 d6 9. Nc3 Nbd7 10. Qe2 a6 11. Nh4 Bxg2 12. Nxg2 d5 13. f4 Qc8 14. g4 Qb7 15. g5 Ne4 16. cxd5 Nxc3 17. Bxc3 Qxd5 18. h4 Rfd8 19. e4 Qb7 20. f5 exf5 21.
Rxf5 Rf8 22. Raf1 Rae8 23. d3 Bd6 24. Ne3 Bb8 25. Ng4 Qc7 26. R1f3 Re6 27. h5 b5 28. Qg2 c4 29. Nh6+ Rxh6 30. gxh6 g6 31. hxg6 fxg6 32. Rxf8+ Nxf8 33. bxc4 bxc4 34. Qg5 Qh2+ 35. Kf1 Qh1+ 36.
Ke2 cxd3+ 37. Rxd3 Qxe4+ 38. Re3 Qc2+ 39. Kf3 Qxa2 40.
Qf6 Qd5+ 41. Ke2 Qc4+ 42. Kd1 Qd5+ 43. Kc1 Qh1+ 44. Kb2 Qb7+ 45. Kc1 Qh1+ 46. Re1 Qxh6+ 47. Kb1 1-0

[Event "*** SCC Grand Prix: Titled Tuesday Blitz"]
[Site "Chess.com"]
[Date "2020.06.02"]
[Round "8"]
[White "DLR7"]
[Black "Guenplen"]
[Result "1/2-1/2"]
[WhiteElo "2672"]
[BlackElo "2899"]
[TimeControl "180+1"]
[EndTime "11:37:17 PDT"]
[Termination "Game drawn - insufficient material"]

1. e4 c5 2. Nf3 e6 3. b4 cxb4 4.
d4 d5 5. e5 Nc6 6. a3 Nh6 7.
axb4 Bxb4+ 8. c3 Be7 9. Bxh6 gxh6 10. Qc1 Bg5 11. Nbd2 Bd7 12. h4 Be7 13. Bd3 Rc8 14. O-O Bxh4 15. Nb3 Bg5 16. Nxg5 Qxg5 17. f4 Qg4 18.
Nc5 Rc7 19. f5 Rg8 20. Rf2 Nxe5 21. dxe5 Rxc5 22. Qa3 b6 23. Qxa7 exf5 24. Qxb6 Rc6 25.
Qb4 Qxb4 26. cxb4 Ke7 27. Bxf5 Bxf5 28. Rxf5 Rc2 29. Rf2 Rxf2 30. Kxf2 Rb8 31. Rb1 Ke6 32. Ke3 Kxe5 33. Kd3 f5 34. b5 Rb6 35. Rb2 Kd6 36.
Kd4 f4 37. Rb3 h5 38. Rb2 h4 39. Rb3 h6 40. Rb1 h5 41. Rb3 Rb7 42. Rb1 Rg7 43. b6 Rb7 44. Rb5 Kc6 45. Rxd5 f3 46. gxf3 Rd7 47.
Rxd7 Kxd7 48. Ke3 Kc6 49. Kf2 Kxb6 50. Kg2 Kc6 51. Kh3 Kd6 52. Kxh4 Ke5 53. Kg5 h4 54. f4+ Ke4 55. Kxh4 Kxf4 1/2-1/2

[Event "*** SCC Grand Prix: Titled Tuesday Blitz"]
[Site "Chess.com"]
[Date "2020.06.02"]
[Round "8"]
[White "theredking89"]
[Black "ElGasanov"]
[Result "1/2-1/2"]
[WhiteElo "2633"]
[BlackElo "2742"]
[TimeControl "180+1"]
[EndTime "11:37:17 PDT"]
[Termination "Game drawn by repetition"]

1. Nf3 d5 2. g3 c6 3. Bg2 Bg4 4. c4 e6 5. Qc2 Nd7 6. b3 Ngf6 7. O-O Be7 8. Bb2 O-O 9. d3 a5 10. a3 Qb6 11. Nbd2 Rfc8 12. h3 Bh5 13. g4 Bg6 14. Nh4 Bd6 15. Nxg6 hxg6 16. e3 Qd8 17. Rfe1 g5 18. d4 Nf8 19. Nf3 Ne4 20.
Ne5 f6 21. Nd3 Ng6 22. Nc5 Bxc5 23. dxc5 f5 24. f3 Nxc5 25. gxf5 exf5 26. b4 axb4 27. axb4 Rxa1 28. Bxa1 Ne6 29. Qxf5 Qe8 30. cxd5 cxd5 31. Qxd5 Nh4 32. f4 Nxg2 33. Kxg2 Rc2+ 34. Kg1 Qf7 35. f5 Nc7 36. Qxf7+ Kxf7 37. Bd4 Nb5 38. Rd1 Re2 39. Bc5 Ke8 40. Rd5 Nc3 41. Re5+ Kf7 42. Re7+ Kg8 43. Rxb7 Ne4 44. Bd4 Ng3 45. Rxg7+ Kf8 46. Rc7 Nxf5 47. Bc5+ Ke8 48. b5 Nh4 49. b6 Rd2 50. Kf1 Nf3 51. b7 Nh2+ 52. Ke1 Nf3+ 53.
Kf1 Nh2+ 54. Ke1 Nf3+ 55. Kf1 1/2-1/2

[Event "*** SCC Grand Prix: Titled Tuesday Blitz"]
[Site "Chess.com"]
[Date "2020.06.02"]
[Round "8"]
[White "hectorfiori"]
[Black "Borsuk_Konstantin"]
[Result "0-1"]
[WhiteElo "2375"]
[BlackElo "2552"]
[TimeControl "180+1"]
[EndTime "11:37:17 PDT"]
[Termination "Borsuk_Konstantin won by checkmate"]

1. e4 e6 2. d4 d5 3. Nc3 Bb4 4. e5 b6 5. Qg4 Bf8 6. Bg5 Qd7 7. Nf3 Ba6 8. Bxa6 Nxa6 9. O-O h6 10. Be3 Ne7 11. Nd2 Nb4 12. Rfc1 Nf5 13. a3 Nc6 14. Ne2 Be7 15. Rd1 h5 16. Qf3 g5 17. g3 g4 18. Qg2 h4 19. Nf4 hxg3 20. hxg3 Ncxd4 21. Bxd4 Nxd4 22. c3 Nf5 23. c4 c6 24. cxd5 cxd5 25. Rac1 Rc8 26. Nb3 Bg5 27. Rxc8+ Qxc8 28. Rc1 Qd7 29. Rc2 Kf8 30. Nc1 Kg7 31. Nce2 b5 32. Rc3 a5 33. Rb3 b4 34. axb4 Qa4 35.
Rc3 axb4 36. Rc1 Qa2 37. Qf1 Qxb2 38. Qd1 Qxe5 39. Rb1 Qe4 40. Ng2 Rb8 41. Nef4 Qf3 42. Qxf3 gxf3 43. Ne1 Bxf4 44. gxf4 Nd4 45. Nd3 b3 46.
Kh2 Kf6 47. Kg3 Kf5 48. Rb2 Rg8+ 49. Kh3 f6 50. Nc1 Kxf4 51. Nxb3 Rh8# 0-1

[Event "*** SCC Grand Prix: Titled Tuesday Blitz"]
[Site "Chess.com"]
[Date "2020.06.02"]
[Round "8"]
[White "MartinMatthiesen"]
[Black "AlexOstrovskiy"]
[Result "0-1"]
[WhiteElo "2357"]
[BlackElo "2530"]
[TimeControl "180+1"]
[EndTime "11:37:17 PDT"]
[Termination "AlexOstrovskiy won on time"]

1. d4 Nf6 2. c4 Nc6 3. Nf3 e6 4. a3 d6 5. e3 g6 6. Be2 Bg7 7. O-O O-O 8. b4 Qe7 9. b5 Nb8 10. a4 Nbd7 11. Ba3 b6 12. Ne1 Bb7 13. Bf3 Ne4 14. Qc2 f5 15. Nc3 Ndf6 16. Nd3 g5 17. a5 Rab8 18. axb6 axb6 19. Nb4 g4 20. Be2 Nxc3 21.
Qxc3 Ne4 22. Qc2 Qh4 23. f3 gxf3 24. Bxf3 Rf6 25. Nc6 Bxc6 26. bxc6 Rh6 27. g3 Qg5 28. Bc1 d5 29. Ra7 Rc8 30. Bxe4 fxe4 31. Qf2 Rf6 32.
Qg2 Bh6 33. Rxf6 Qxf6 34. h3 Qf7 35. Kh2 Qe8 36. cxd5 exd5 37. Qc2 Qe6 38. Ba3 Bxe3 39. Qe2 Bxd4 40. Qh5 Bg7 41. h4 e3 42. Bc1 e2 43.
Bd2 e1=Q 44. Bxe1 Qxe1 45. Qg4 Rf8 0-1

[Event "*** SCC Grand Prix: Titled Tuesday Blitz"]
[Site "Chess.com"]
[Date "2020.06.02"]
[Round "8"]
[White "Misticpikachu"]
[Black "karinachess1"]
[Result "1/2-1/2"]
[WhiteElo "2275"]
[BlackElo "2498"]
[TimeControl "180+1"]
[EndTime "11:37:17 PDT"]
[Termination "Game drawn by repetition"]

1. c4 d6 2. Nc3 e5 3. g3 f5 4. Bg2 Nf6 5. d4 Nbd7 6. dxe5 Nxe5 7. Nf3 Be7 8. Nxe5 dxe5 9. Qxd8+ Bxd8 10. O-O O-O 11.
b3 Be7 12. Bb2 c6 13. Rad1 Be6 14. Rd2 Rfd8 15. Rfd1 Rxd2 16. Rxd2 Rd8 17. Rxd8+ Bxd8 18. Kf1 Kf7 19. e3 Bc7 20. Ke2 g5 21. f3 h5 22.
Kf2 a6 23. Ne2 b5 24. cxb5 cxb5 25. h3 Bd5 26. f4 Bxg2 27. Kxg2 exf4 28. exf4 g4 29. Nd4 Kg6 30. Ne6 Bd6 31. Bxf6 Kxf6 32. Nd4 Bc5 33. Nc2 Ke6 34. hxg4 hxg4 35. Kf1 Kd5 36.
Ke2 Ke4 37. Ne1 Bd4 38. Nd3 Bc3 39. Nc5+ Kd5 40. Nxa6 Kc6 41. Nb8+ Kc7 42. Na6+ Kb6 43.
Nb8 Kc7 44. Na6+ Kb6 45. Nb8 Kc7 1/2-1/2

[Event "*** SCC Grand Prix: Titled Tuesday Blitz"]
[Site "Chess.com"]
[Date "2020.06.02"]
[Round "8"]
[White "Ali_rastbod"]
[Black "vanyakuba"]
[Result "1-0"]
[WhiteElo "2646"]
[BlackElo "2460"]
[TimeControl "180+1"]
[EndTime "11:37:18 PDT"]
[Termination "Ali_rastbod won on time"]

1. Nf3 d5 2. c4 e6 3. g3 c5 4. Bg2 Nf6 5. O-O Nc6 6. cxd5 exd5 7. d4 Be7 8. Nc3 O-O 9. Bg5 c4 10. Ne5 Be6 11. e3 h6 12. Bxf6 Bxf6 13. f4 Ne7 14.
b3 Qa5 15. Qe1 Rad8 16. bxc4 dxc4 17. Bxb7 Nf5 18. Nc6 Qa3 19. Nxd8 Rxd8 20. Ne4 Be7 21. Qc3 Qxc3 22. Nxc3 Nxe3 23. d5 Bf5 24. Rfc1 Nc2 25. Rab1 Bc5+ 26. Kg2 Ne3+ 27. Kf3 Bxb1 28. Rxb1 Nf5 29.
Ne4 Bb6 30. Rc1 Ne7 31. d6 Nf5 32. Rd1 Kf8 33. g4 Nd4+ 34. Kg2 f5 35. gxf5 Nxf5 36. Kf3 Nd4+ 37. Kg4 Ne6 38. d7 Nc5 39. Nxc5 Bxc5 40. Bc8 Ke7 41. Rc1 Bd6 42. Rxc4 Rf8 43. Re4+ Kd8 44. f5 Kc7 45. Re6 Rf6 46. Re8 Rf8 47.
d8=Q+ 1-0

[Event "*** SCC Grand Prix: Titled Tuesday Blitz"]
[Site "Chess.com"]
[Date "2020.06.02"]
[Round "8"]
[White "Love_craft"]
[Black "c63_amg"]
[Result "0-1"]
[WhiteElo "2443"]
[BlackElo "2684"]
[TimeControl "180+1"]
[EndTime "11:37:18 PDT"]
[Termination "c63_amg won by checkmate"]

1. Nf3 Nf6 2. g3 b5 3. Bg2 Bb7 4. O-O e6 5. d3 c5 6. Nbd2 d6 7.
e4 Be7 8. Nh4 Qc7 9. f4 Nbd7 10.
a4 b4 11. Nc4 O-O 12. Qe2 d5 13. Nd2 dxe4 14. dxe4 a5 15. b3 Ba6 16. Nc4 Nb6 17.
Bb2 Nxc4 18. bxc4 Rad8 19. g4 Rd4 20. Bxd4 cxd4 21. Rf2 Bxc4 22. Qf3 Nxe4 23. Qxe4 Bxh4 24. Rd2 Bd5 25. Qe5 Qc3 26. Rad1 Bf6 27. Qe2 Bc4 28. Qf3 g5 29. f5 Qxf3 30. Bxf3 e5 31. Be4 Rb8 32.
Kg2 Be7 33. Kf3 f6 34. Bd3 Bd5+ 35. Be4 Bf7 36. h4 gxh4 37. Rh2 Rc8 38. Rxh4 Rc3+ 39. Bd3 Bd5+ 40. Kf2 e4 41. Bb5 Bc5 42. Ke2 Rxc2+ 43. Rd2 d3+ 44. Kd1 b3 45. Rh3 b2 46. Rxc2 Bb3 47.
Kd2 b1=Q 48. Rh1 Qxc2+ 49. Ke1 Qe2# 0-1

[Event "*** SCC Grand Prix: Titled Tuesday Blitz"]
[Site "Chess.com"]
[Date "2020.06.02"]
[Round "8"]
[White "kidagent"]
[Black "amelia91"]
[Result "0-1"]
[WhiteElo "2181"]
[BlackElo "1980"]
[TimeControl "180+1"]
[EndTime "11:37:18 PDT"]
[Termination "amelia91 won by resignation"]

1. e4 c5 2. Nf3 d6 3. d4 cxd4 4. Nxd4 Nf6 5. Nc3 Nc6 6. Be3 e5 7. Nb3 Be6 8. Be2 Be7 9. O-O O-O 10. h3 a5 11. a4 Nb4 12. Bf3 Rc8 13. Qd2 d5 14.
exd5 Nfxd5 15. Nxd5 Bxd5 16. Bxd5 Qxd5 17. Qxd5 Nxd5 18.
Nxa5 Nxe3 19. fxe3 Rxc2 20. Rf2 Rfc8 21. Raf1 Rxf2 22.
Rxf2 b6 23. Nb3 Rc4 24. a5 bxa5 25. Nxa5 Rc1+ 26. Kh2 Bc5 27. Nb3 Rc4 28. Rd2 Kf8 29.
Rd8+ Ke7 30. Rc8 Kd6 31. Rd8+ Kc7 32. Rd5 Bd6 33. Nd2 Rc2 34. Ne4 Bf8 35. b3 f6 36.
Rd3 f5 37. Ng5 Bd6 38. e4 h6 39. Nf7 Bc5 40. exf5 e4 41. Rd5 e3 42. Re5 Bd6 43.
Nxd6 Kxd6 44. Rxe3 Rf2 45. Rf3 Rb2 46. Kg3 Ke5 47. Rf2 Rxb3+ 48. Rf3 Rxf3+ 49. Kxf3 Kxf5 50. g4+ Ke5 51. Kg3 g5 52. h4 Ke4 53. Kh3 Kf3 54.
h5 Kf4 55. Kh2 Kxg4 56. Kg2 Kxh5 57. Kh2 Kg4 58. Kh1 h5 0-1

[Event "*** SCC Grand Prix: Titled Tuesday Blitz"]
[Site "Chess.com"]
[Date "2020.06.02"]
[Round "8"]
[White "evgchess5"]
[Black "Norival"]
[Result "1-0"]
[WhiteElo "2851"]
[BlackElo "2651"]
[TimeControl "180+1"]
[EndTime "11:37:19 PDT"]
[Termination "evgchess5 won by resignation"]

1. e4 e5 2. Nf3 Nc6 3. Bc4 Be7 4. O-O Nf6 5. d3 O-O 6. c3 d6 7. Bb3 h6 8. Re1 Re8 9. Nbd2 Bf8 10. h3 Be6 11. Bc2 g6 12. d4 Bd7 13. Nf1 Bg7 14. Ng3 a5 15. Be3 Kh7 16. Qd2 Qe7 17. Rad1 Rad8 18.
Qc1 Ra8 19. Bb1 a4 20. Nh2 b5 21. f4 Na5 22. Nf3 Nc4 23. Bf2 exf4 24. Qxf4 Nxb2 25. Rd2 Nc4 26. Rde2 Qf8 27. Bd3 Kg8 28. Bxc4 bxc4 29. d5 c6 30. Bd4 g5 31. Qc1 cxd5 32. e5 dxe5 33. Nxe5 Be6 34. Rf1 Ne4 35. Nh5 f6 36. Rxe4 dxe4 37. Ng6 Qf7 38. Nxf6+ Bxf6 39. Rxf6 Qh7 40.
Qe3 Bf7 41. Ne5 Rxe5 42. Bxe5 Rd8 43. Bd4 Rf8 44. Qf2 Re8 45. Qe3 Rf8 46. Qg3 Bg6 47. Rd6 Qf7 48. Rf6 Qe8 49. Qd6 Rxf6 50. Qxf6 1-0